 Dungeon Crawl Stone Soup version 0.28-a0-1567-g1695149f81 (webtiles) character file.

Game seed: 12618308424241495876

1433 buddhastalin the Slicer (level 9, 0/54 HPs)
             Began as a Kobold Brigand on Jan 19, 2022.
             Was a Follower of Uskayaw.
             Killed by nerve-wracking pain
             ... invoked by an orc priest
              (7 damage)
             ... on level 5 of the Dungeon.
             The game lasted 00:07:49 (5592 turns).

buddhastalin the Slicer (Kobold Brigand)            Turns: 5592, Time: 00:07:50

Health: 0/54       AC:  4    Str:  8    XL:     9   Next: 3%
Magic:  9/9        EV: 16    Int: 17    God:    Uskayaw [*.....]
Gold:   217        SH: 12    Dex: 22    Spells: 8/8 levels left

rFire   . . .      SeeInvis .   a - +2 dagger
rCold   . . .      Faith    .   g - +0 buckler
rNeg    . . .      Spirit   .   i - +0 leather armour
rPois   .          Reflect  +   (no helmet)
rElec   .          Harm     .   n - +0 cloak
rCorr   .          Rampage  .   (no gloves)
Will    .....                   (no boots)
Stlth   +++++.....              m - amulet of reflection
HPRegen 0.18/turn               s - +6 ring of dexterity
MPRegen 0.11/turn               (no ring)

@: hasted, very quick
A: small, no large weapons, nightstalker 3
a: Renounce Religion, Stomp


You were on level 5 of the Dungeon.
You worshipped Uskayaw.
Uskayaw was noncommittal.
You visited 1 branch of the dungeon, and saw 5 of its levels.

You collected 217 gold pieces.

Inventory:

Hand Weapons
 a - a +2 dagger (weapon)
Missiles
 d - 16 poisoned darts (quivered)
 e - 2 curare-tipped darts
Armour
 g - a +0 buckler (worn)
 i - a +0 leather armour (worn)
 n - a +0 cloak (worn)
Jewellery
 m - an amulet of reflection (around neck)
 s - a +6 ring of dexterity (left hand)
Wands
 t - a wand of iceblast (6)
Scrolls
 b - 5 scrolls of identify {unknown}
 c - a scroll of fog {unknown}
 j - 4 scrolls of teleportation {unknown}
 o - 3 scrolls of enchant weapon {unknown}
 q - 2 scrolls of fear {unknown}
 r - a scroll of silence {unknown}
 v - a scroll of amnesia {unknown}
Potions
 k - a potion of might {unknown}
 l - a potion of mutation {unknown}
 u - a potion of magic {unknown}


   Skills:
 + Level 5.0 Fighting
 * Level 8.4 Short Blades
 - Level 2.1 Throwing
 + Level 5.1 Dodging
 + Level 8.2 Stealth
 + Level 3.1 Shields


You had 8 spell levels left.
You didn't know any spells.
Your spell library was empty.

Dungeon Overview and Level Annotations

Branches:
Dungeon (5/15)
 Temple: D:4-7

Altars:
Uskayaw

Annotations:
D:5 1 transporter, psuckher's ghost, weakling BaDe


Innate Abilities, Weirdness & Mutations

You are small and have problems with some larger weapons.
You are completely attuned to the shadows.


Message History

You closely miss the orc priest.
The orc priest is severely wounded.
The orc priest misses you.
You hit the orc priest but do no damage.
The orc priest is severely wounded.
You barely miss the orc priest.
The orc priest is severely wounded.
You barely miss the orc priest.
The orc priest is severely wounded.
The orc priest invokes the aid of Beogh against you.
Beogh smites you!
You are too injured to fight recklessly!
You are too injured to fight recklessly!
You hit the orc priest but do no damage.
The orc priest is severely wounded.
You hit the orc priest but do no damage.
The orc priest is severely wounded.
The orc priest looks satisfied for a moment.
You hit the orc priest but do no damage.
The orc priest is severely wounded.
You barely miss the orc priest.
The orc priest is severely wounded.
The orc priest calls down the wrath of Beogh upon you.
Pain shoots through your body!
You hit the orc priest but do no damage.
The orc priest is severely wounded.
You hit the orc priest but do no damage.
The orc priest is severely wounded.
The orc priest calls down the wrath of Beogh upon you.
Beogh smites you!
* * * LOW HITPOINT WARNING * * *
You barely miss the orc priest.
The orc priest is severely wounded.
You hit the orc priest.
The orc priest is almost dead.
You hit the orc priest but do no damage.
The orc priest is almost dead.
The orc priest mumbles some strange prayers to Beogh against you.
Pain shoots through your body!
You die...

#.###.###.#####
####.....###......
#...^...........#.
#.###..####.###.#.
#.# #..# #.##....
#.# #<.# #.##....
#.# #..# #.##....
#.# #....##. #@#
..# #######. #o#
..# ## #l###..##
#........
#........
#......(.
#........ ###
#....(.... ...
#......... ###


You could see an iguana and an orc priest.

Vanquished Creatures
  Pikel (D:5)
  Grinder (D:5)
  Menkaure (D:5)
  An ice beast (D:5)
  An ogre (D:5)
  A lemure (D:5)
  A scorpion (D:4)
  A water moccasin skeleton (D:5)
  A jelly (D:5)
  A bullfrog zombie (D:5)
  2 hounds
  2 iguanas (D:5)
  Ijyb (D:5)
  Natasha (D:3)
  2 orc wizards
  A hound skeleton (D:2)
  2 adders
  2 ufetubi
  A dart slug (D:1)
  9 orcs
  6 ball pythons
  4 bats
  6 endoplasms
  2 giant cockroaches (D:4)
  7 goblins
  7 hobgoblins
  6 jackals
  4 quokkas
  9 frilled lizards (D:2)
  6 kobolds
  6 rats
96 creatures vanquished.

Notes
Turn   | Place    | Note
-------+----------+-------------------------------------------
     0 | D:1      | buddhastalin the Kobold Brigand began the quest for the
                  | Orb.
     0 | D:1      | Reached XP level 1. HP: 12/12 MP: 1/1
    83 | D:1      | Reached XP level 2. HP: 15/18 MP: 2/2
   421 | D:1      | Reached XP level 3. HP: 21/22 MP: 3/3
  1652 | D:2      | Reached XP level 4. HP: 27/27 MP: 4/4
  2251 | D:3      | Found a hide-covered altar of Uskayaw.
  2256 | D:3      | Became a worshipper of Uskayaw the Reveller
  2447 | D:3      | Reached * piety under Uskayaw
  2496 | D:3      | Reached ** piety under Uskayaw
  2502 | D:3      | Reached *** piety under Uskayaw
  2511 | D:3      | Reached **** piety under Uskayaw
  2521 | D:3      | Reached skill level 1 in Shields
  2521 | D:3      | Reached XP level 5. HP: 20/32 MP: 5/5
  3121 | D:3      | Noticed Natasha
  3124 | D:3      | Killed Natasha
  3588 | D:4      | Reached skill level 5 in Short Blades
  3588 | D:4      | Reached XP level 6. HP: 37/37 MP: 6/6
  4206 | D:5      | Entered Level 5 of the Dungeon
  4222 | D:5      | Found a transporter.
  4224 | D:5      | Noticed psuckher's ghost (weakling BaDe)
  4259 | D:5      | Noticed an ice beast
  4260 | D:5      | Noticed an ogre
  4263 | D:5      | Killed an ice beast
  4265 | D:5      | Killed an ogre
  4266 | D:5      | Reached XP level 7. HP: 42/42 MP: 7/7
  4353 | D:5      | Noticed Grinder
  4355 | D:5      | Killed Grinder
  4414 | D:5      | Noticed Pikel
  4419 | D:5      | Killed Pikel
  4420 | D:5      | Reached XP level 8. HP: 48/48 MP: 8/8
  4496 | D:5      | Noticed Menkaure
  4520 | D:5      | Killed Menkaure
  4781 | D:5      | Noticed Ijyb
  4785 | D:5      | Killed Ijyb
  4970 | D:5      | Reached skill level 5 in Dodging
  5196 | D:5      | Reached XP level 9. HP: 53/53 MP: 9/9
  5330 | D:5      | Reached skill level 5 in Fighting
  5592 | D:5      | Killed from afar by an orc priest

Illustrated notes

Levels and vault maps discovered:
D:1:      psy_arrival_basics, layout_loops_ring, dk_noncrumbling_4,
          chequers_serial_rivers_large_b, roderic_lattice_a, minmay_cupped
D:2:      layout_basic, minmay_lizard_pond
D:3:      layout_loops_corners, overflow_temple_1_default, uniq_natasha
D:4:      layout_loops_ring
D:5:      layout_loops_ring, gammafunk_ghost_mausoleum, uniq_pikel, uniq_ijyb,
          uniq_menkaure, uniq_grinder

Skill      XL: |  1  2  3  4  5  6  7  8  9 |
---------------+----------------------------+-----
Short Blades   | 3 4 5 6 7 8 |  8.4
Dodging        | 2 3 4 5 |  5.1
Shields        | 1 2 3 |  3.1
Stealth        | 6 7 8 |  8.2
Fighting       | 3 4 5 |  5.0
Throwing       | |  2.1

Action                   |  1- 3 |  4- 6 |  7- 9 || total
-------------------------+-------+-------+-------++-------
Melee: Dagger            |    77 |   112 |   214 ||   403
  Use: Potion            |       |       |     6 ||     6
 Stab: Sleeping          |    14 |    18 |     7 ||    39
       Paralysed         |       |     1 |       ||     1
Armor: Robe              |     8 |       |       ||     8
       Leather armour    |     4 |    15 |    10 ||    29
Dodge: Dodged            |    34 |    67 |    47 ||   148
Block: Buckler           |       |    12 |    56 ||    68
       Reflection        |       |       |     1 ||     1

Table legend: (Time is in decaauts)
 A = Elapsed time spent in this place.
 B = Non-inter-level travel time spent in this place.
 C = Inter-level travel time spent in this place.
 D = Time resting spent in this place.
 E = Time spent auto-exploring this place.
 F = Levels seen in this place.
 G = Mean time per level.
                   A        B        C        D        E       F      G
               +--------+--------+--------+--------+--------+-----+--------+
         Total |   5533 |   5448 |     85 |   1313 |   3379 |   5 | 1106.6 |
       Dungeon |   5533 |   5448 |     85 |   1313 |   3379 |   5 | 1106.6 |
               +--------+--------+--------+--------+--------+-----+--------+

Top non-repeatable levels by time:
     D:5: 1306 daAuts
     D:1: 1221 daAuts
     D:2: 1067 daAuts
     D:3: 1048 daAuts
     D:4: 890 daAuts
